AoeStats
← Rana1625

Black Forest

503497300Analyzed
4v4 RM · 1mo ago on Aug 31, 2026· 91m 49s· 8 players
Game mode
Random Map
Map size
Large (8 player)
Population
200
Speed
Normal
Resources
Standard
Victory
Conquest
Starting age
Dark Age
Ending age
Imperial Age
RankedLock teamsTeams togetherTeam positionsShared explorationLock speedFull tech treeHidden civsTurbo modeCheats
Victory
Defeat
🇦🇷 Bohemians · Argentina
894
+15
🇵🇪 Gurjaras · Peru
875
+16
🇦🇷 Khmer · Argentina
864
+16
🇨🇱 Turks · Chile
826
+18
🇦🇷 Persians · Argentina
926
-19
🇭🇺 Chinese · Hungary
853
-15
🇨🇦 Britons · Canada
852
-15
🇨🇴 Ethiopians · Colombia
831
-14
Luce
12:10 Feudal Age
17:05 Castle Age
15:08 Double-Bit Axe
15:17 Horse Collar
17:01 Stone Mining
17:07 Gold Mining
24:20 Bow Saw
25:05 Heavy Plow
30:11 Imperial Age
28:30 Wheelbarrow
27:43 Loom
30:04 Husbandry
30:14 Bloodlines
29:24 Light Cavalry
30:19 Tusk Swords
31:08 Stone Shaft Mining
31:11 Gold Shaft Mining
30:56 Hand Cart
30:26 Town Watch
30:55 Scale Barding Armor
31:01 Forging
31:21 Cavalier
34:13 Chain Barding Armor
34:33 Iron Casting
35:35 Double Crossbow
37:42 Crop Rotation
37:41 Hussar
39:34 Chemistry
40:24 Plate Barding Armor
46:02 Onager
50:30 Blast Furnace
Yggdrasil
0:31 Loom
12:29 Feudal Age
13:22 Double-Bit Axe
13:44 Horse Collar
17:55 Wheelbarrow
20:28 Castle Age
19:01 Gold Mining
22:01 Heavy Plow
22:15 Bow Saw
24:07 Hand Cart
24:38 Town Watch
25:59 Gold Shaft Mining
25:18 Stone Mining
26:13 Fortified Wall
25:45 Treadmill Crane
27:10 Town Patrol
29:03 Stone Shaft Mining
29:20 Ballistics
29:37 Fervor
29:48 Sanctity
31:12 Masonry
36:47 Imperial Age
35:33 Kshatriyas
35:41 Fletching
35:56 Scale Barding Armor
36:07 Thumb Ring
39:11 Conscription
38:15 Heavy Scorpion
38:47 Onager
39:57 Bodkin Arrow
40:22 Chain Barding Armor
41:14 Husbandry
41:25 Bloodlines
41:56 Elite Skirmisher
42:39 Bracer
42:39 Padded Archer Armor
44:19 Leather Archer Armor
44:40 Plate Barding Armor
44:38 Frontier Guards
47:01 Chemistry
59:36 Forging
59:57 Light Cavalry
66:30 Iron Casting
66:57 Scale Mail Armor
67:58 Hussar
69:01 Chain Mail Armor
69:27 Hoardings
76:32 Plate Mail Armor
76:53 Caravan
77:07 Heavy Camel Rider
78:00 Siege Elephant
86:57 Elite Chakram Thrower
88:36 Elite Elephant Archer
90:02 Elite Shrivamsha Rider
91:58 Illumination
91:11 Spies/Treason
KUATIQUERO
0:37 Loom
17:23 Feudal Age
22:43 Castle Age
21:25 Double-Bit Axe
21:26 Horse Collar
22:50 Wheelbarrow
30:18 Stone Mining
30:55 Heavy Plow
32:24 Hand Cart
33:30 Gold Mining
33:49 Scale Barding Armor
33:55 Forging
34:47 Bow Saw
35:57 Chain Barding Armor
36:14 Iron Casting
36:29 Treadmill Crane
36:44 Murder Holes
37:07 Husbandry
37:18 Bloodlines
40:14 Imperial Age
41:18 Conscription
40:20 Elite Janissary
41:32 Bombard Tower
41:26 Heavy Camel Rider
57:27 Squires
57:13 Arson
64:58 Man-at-Arms
Wolf-Salomon
0:41 Loom
12:48 Feudal Age
14:19 Wheelbarrow
13:42 Double-Bit Axe
21:39 Castle Age
19:27 Horse Collar
22:37 Hand Cart
22:38 Bow Saw
22:31 Heavy Plow
22:43 Town Watch
22:53 Fletching
33:35 Imperial Age
30:55 Pikeman
31:24 Treadmill Crane
32:20 Town Patrol
32:24 Squires
32:36 Forging
33:00 Scale Mail Armor
34:10 Chemistry
33:05 Arson
34:00 Iron Casting
35:33 Two-Man Saw
34:55 Conscription
35:55 Wagenburg Tactics
36:24 Halberdier
38:07 Blast Furnace
37:20 Masonry
37:08 Murder Holes
37:31 Caravan
38:01 Coinage
38:39 Chain Mail Armor
40:32 Plate Mail Armor
40:40 Coinage
40:21 Guilds
41:16 Siege Engineers
42:43 Bodkin Arrow
42:45 Elite Hussite Wagon
44:26 Banking
45:18 Masonry
45:29 Hussite Reforms
47:00 Fervor
47:05 Block Printing
46:50 Atonement
47:16 Illumination
47:01 Redemption
46:51 Devotion
48:04 Bracer
48:39 Architecture
48:32 Ballistics
49:08 Houfnice
51:27 Sanctity
51:28 Heresy
53:50 Faith
54:06 Theocracy
53:26 Herbal Medicine
61:10 Scale Barding Armor
62:11 Chain Barding Armor
61:57 Husbandry
61:18 Light Cavalry
66:09 Cavalier
90:10 Bombard Tower
SoltiL
14:00 Feudal Age
17:18 Wheelbarrow
17:21 Double-Bit Axe
20:06 Castle Age
18:03 Horse Collar
18:18 Gold Mining
18:24 Stone Mining
21:50 Heavy Plow
22:05 Bow Saw
25:35 Hand Cart
28:24 Fletching
28:35 Padded Archer Armor
33:18 Imperial Age
32:13 Stone Shaft Mining
32:14 Gold Shaft Mining
31:38 Bodkin Arrow
31:58 Leather Archer Armor
31:44 Scale Mail Armor
31:55 Forging
31:51 Scale Barding Armor
33:15 Caravan
33:24 Capped Ram
35:05 Conscription
35:47 Bracer
36:18 Ring Archer Armor
36:04 Chain Mail Armor
36:25 Iron Casting
36:14 Ballistics
36:55 Chemistry
35:43 Siege Ram
36:05 Man-at-Arms
36:46 Squires
36:31 Arson
37:09 Elite Chu Ko Nu
38:53 Long Swordsman
40:03 Two-Handed Swordsman
40:50 Champion
43:26 Blast Furnace
42:57 Plate Mail Armor
52:29 Chain Barding Armor
61:15 Pikeman
61:52 Halberdier
Shammy
11:38 Feudal Age
16:56 Castle Age
16:04 Double-Bit Axe
16:45 Horse Collar
21:39 Wheelbarrow
22:18 Bow Saw
22:58 Stone Mining
23:01 Gold Mining
24:24 Hand Cart
25:58 Loom
27:23 Ballistics
27:06 Padded Archer Armor
26:57 Fletching
27:52 Caravan
27:49 Town Watch
29:08 Gold Shaft Mining
31:19 Town Patrol
37:24 Imperial Age
37:41 Yeomen
37:47 Pikeman
39:17 Leather Archer Armor
38:57 Bodkin Arrow
39:53 Pikeman
40:34 Squires
40:21 Gambesons
42:24 Chemistry
40:57 Halberdier
42:45 Conscription
43:13 Ring Archer Armor
42:44 Bracer
44:02 Conscription
47:11 Scale Mail Armor
47:22 Forging
47:51 Elite Longbowman
59:45 Elite Longbowman
62:08 Hoardings
67:07 Warwolf
Soka6449
0:48 Loom
14:05 Feudal Age
15:06 Town Watch
15:09 Double-Bit Axe
15:07 Horse Collar
23:28 Castle Age
21:48 Gold Mining
22:05 Stone Mining
23:17 Padded Archer Armor
23:07 Fletching
25:14 Thumb Ring
27:23 Gold Shaft Mining
27:26 Stone Shaft Mining
28:05 Wheelbarrow
29:25 Bow Saw
29:18 Heavy Plow
28:50 Crossbowman
30:51 Wheelbarrow
32:06 Hand Cart
41:22 Ballistics
45:08 Imperial Age
66:52 Squires
67:39 Halberdier
76:11 Arson
76:50 Scale Mail Armor
77:01 Forging
84:08 Chemistry
83:31 Chain Mail Armor
83:56 Iron Casting
87:11 Plate Mail Armor
91:14 Husbandry
Rana1625
2:30 Loom
12:42 Feudal Age
14:54 Double-Bit Axe
18:06 Castle Age
15:57 Horse Collar
16:21 Stone Mining
16:36 Gold Mining
19:08 Wheelbarrow
19:06 Bow Saw
19:15 Heavy Plow
21:43 Gold Shaft Mining
25:30 Town Watch
26:26 Ballistics
27:31 Hand Cart
27:23 Town Patrol
27:55 Caravan
30:36 Murder Holes
33:49 Imperial Age
32:00 Forging
31:57 Scale Barding Armor
32:50 Kamandaran
33:41 Iron Casting
33:09 Scale Mail Armor
35:04 Crop Rotation
35:38 Two-Man Saw
35:43 Chemistry
35:15 Chain Barding Armor
34:32 Pikeman
34:59 Arson
36:18 Citadels
36:31 Conscription
36:24 Elite War Elephant
41:10 Elite Skirmisher
Connection lost

Rejoining the realm…

Still unreachable

The connection could not be restored.

Session expired

The server has moved on; the page needs a fresh start.